 Dungeon Crawl Stone Soup version 0.26-a0-683-g5206c1d7ac (webtiles) character file.

Game seed: 14288497151768055073

18768 Notrik the Fighter (level 12, -15/106 HPs)
             Began as a Demonspawn Berserker on Oct 22, 2020.
             Was an Elder of Trog.
             Demolished by an orc warlord
             ... wielding a +0 vampiric battleaxe
              (28 damage)
             ... on level 1 of the Orcish Mines.
             The game lasted 00:28:40 (17984 turns).

Notrik the Fighter (Demonspawn Berserker)          Turns: 17984, Time: 00:28:41

Health: -15/106    AC: 17    Str: 28    XL:     12   Next: 30%
Magic:  12/12      EV: 10    Int: 12    God:    Trog [****..]
Gold:   1282       SH: 12    Dex: 16    Spells: 11/11 levels left

rFire    . . .     SeeInvis .   P - +6 long sword
rCold    . . .     Faith    .   M - +0 kite shield
rNeg     . . .     Spirit   .   f - +0 plate armour
rPois    +         Reflect  .   r - +0 hat {Int+3}
rElec    .         Harm     .   (no cloak)
rCorr    .         Rampage  .   u - +1 pair of gloves {Dex+3}
MR       .....                  m - +0 pair of boots
Stlth    ..........             (no amulet)
HPRegen  1.27/turn              I - ring of poison resistance
MPRegen  0.13/turn              y - +6 ring of strength

@: lethally poisoned (-15 -> -15), about to teleport, berserk cooldown, slowed,
very slow
A: talons 1, repulsion field 2, powered by death 1, spiny 1
a: Berserk, Trog's Hand, Brothers in Arms, Renounce Religion


You were on level 1 of the Orcish Mines.
You worshipped Trog.
Trog was greatly pleased with you.
You visited 2 branches of the dungeon, and saw 13 of its levels.
You also visited: Ossuary.

You collected 1282 gold pieces.

Inventory:

Hand Weapons
 P - a +6 long sword (weapon)
   (Trog gifted it to you on level 10 of the Dungeon)
Armour
 f - a +0 plate armour (worn)
   (You found it on level 1 of the Dungeon)
 m - a +0 pair of boots (worn)
   (You found it on level 9 of the Dungeon)
 r - a +0 hat of intelligence (worn)
   (You took it off Gastronok on level 9 of the Dungeon)
 u - a +1 pair of gloves of dexterity (worn)
   (You found it on level 11 of the Dungeon)
 M - a +0 kite shield (worn)
   (You found it on level 9 of the Dungeon)
Jewellery
 a - an uncursed ring of magical power {unknown}
   (You found it on level 12 of the Dungeon)
 h - an uncursed ring of wizardry
   (You found it on level 1 of the Dungeon)
 i - an uncursed ring of attention
   (You found it on level 2 of the Dungeon)
 o - a +6 ring of intelligence
   (You found it on level 4 of the Dungeon)
 q - an uncursed ring of stealth
   (You found it on level 4 of the Dungeon)
 y - a +6 ring of strength (right hand)
   (You found it on level 6 of the Dungeon)
 z - an uncursed ring of see invisible
   (You took it off an orc on level 4 of the Dungeon)
 I - a ring of poison resistance (left hand)
   (You found it on level 7 of the Dungeon)
Wands
 c - a wand of disintegration (14)
   (You found it on level 10 of the Dungeon)
 d - a wand of iceblast (10)
   (You found it on level 5 of the Dungeon)
 l - a wand of enslavement (6)
   (You found it on level 2 of the Dungeon)
 v - a wand of digging (5)
   (You took it off Psyche on level 9 of the Dungeon)
Scrolls
 b - 2 scrolls of blinking
 g - 8 scrolls of remove curse {@r2}
 j - 8 scrolls of immolation {!r}
 k - 6 scrolls of teleportation {@r4}
 n - 2 scrolls of fog
 t - 4 scrolls of amnesia
 B - 2 scrolls of fear
 C - a scroll of enchant weapon
 H - a scroll of torment {!r}
 O - 6 scrolls of identify {@r1}
Potions
 e - 3 potions of resistance
 p - 10 potions of degeneration {!q}
 s - 2 potions of haste {@q3}
 w - 8 potions of curing {@q1}
 x - a potion of invisibility
 A - 2 potions of heal wounds {@q2}
 D - 3 potions of might
 F - a potion of berserk rage
 J - a potion of mutation {!q}
 N - 2 potions of brilliance
 Q - 2 potions of magic


   Skills:
 * Level 13.8 Fighting
   Level 2.6(5.5) Short Blades
 + Level 7.6(7.8) Long Blades
 + Level 8.4 Armour
 - Level 1.7 Dodging
 + Level 8.2 Shields


You had 11 spell levels left.
You didn't know any spells.
Your spell library was empty.

Dungeon Overview and Level Annotations

Branches:
Dungeon (12/15)            Temple (0/1) D:6            Lair (0/6) D:9
    Orc (1/2) D:11        Ossuary (visited)

Altars:
Elyvilon
Fedhas
Kikubaaqudgha
Okawaru
Beogh

Portals:
Bailey: Orc:1

Annotations:
Orc:1 Erica


Innate Abilities, Weirdness & Mutations

You have sharp toenails.
You are surrounded by a moderate repulsion field. (EV +3)
You regenerate a little health from kills.
You are partially covered in sharp spines.


Message History

You hit the orc warlord.
You feel sick. You block the troll's attack.
The troll claws you but does no damage. x2; You block the orc's attack.
The orc priest is struck by your spines.
The orc priest closely misses you. Erica hits you but does no damage.
The troll completely misses you. The troll claws you.
* * * LOW HITPOINT WARNING * * *
The troll closely misses you.
The chaos spawn gores you but does no damage.
You don't know any spells.
You don't know any spells.
You don't know any spells.
You don't know any spells.
You don't know any spells.
Unknown command.
You don't know any spells.
You closely miss the orc priest.
You feel sick. You block the orc's attack. You block the orc priest's attack.
Erica casts a spell at you. The bolt of poison hits you. You resist.
* * * LOW HITPOINT WARNING * * *
The troll barely misses you. The troll claws you but does no damage.
You block the troll's attack.
The orc warlord hits you with a +0 vampiric battleaxe!
* * * LOW HITPOINT WARNING * * *
The chaos spawn is struck by your spines.
The chaos spawn hits you but does no damage.
The orc is struck by your spines. The orc hits you but does no damage.
You block Erica's attack.
The orc priest mumbles some strange prayers to Beogh against you.
Pain shoots through your body!
* * * LOW HITPOINT WARNING * * *
The orc sorcerer casts a spell.
You slash the orc priest!
You kill the orc priest!
Trog accepts your kill. The troll barely misses you. The troll claws you!
* * * LOW HITPOINT WARNING * * *
You block the troll's attack. The chaos spawn barely misses you.
The orc warlord hits you with a +0 vampiric battleaxe.
* * * LOW HITPOINT WARNING * * *
The orc warlord draws strength from your wounds!
The orc hits you but does no damage.
The orange demon stings you but does no damage.
Erica hits you but does no damage. The troll bites you but does no damage.
You block the troll's attack. The troll completely misses you.
The chaos spawn closely misses you.
As you read the scroll of teleportation {@r4}, it crumbles to dust.
You feel strangely unstable.
You feel sick. You block the orc's attack.
The orc warlord hits you with a +0 vampiric battleaxe!!
You die...

***#.#......##.....,,,
*.##*#......#.$....,,,
#*####.**#...........,,,,*
*#.#....,*###.........,,***
*..$....*,* #.........*,***
*#......######........****,
*#.......##.##........,,*,,
***.......oTo..#........,,,,,
**,,.......o4@[...^......,,,,,
**,,,∩......T@)o..........,,,,,
**,,,,.....#.4.......$.....,,,,,
*,,,,,...#*####....._...##.,,,,,
**,,,,oo,***,............#,,,,,,
**,,,.,,*,,...............,,,,,
**,,,,,,,.....#..........,,,,,
**,*,,,,......#.........,*,,,
*,,,,,,,,,,*,,*,,,,,,,,,^***,


You could see an orc warlord, Erica, an orange demon (summoned), 2 trolls, a
chaos spawn (summoned), an orc sorcerer (strong) and 2 orcs.

Vanquished Creatures
  A centaur warrior (D:12)
  2 boulder beetles (D:12)
  2 two-headed ogres
  An unseen horror (D:11)
  An orange crystal statue (D:11)
  Pikel (D:5)
  2 cyclopes
  An ugly thing (D:11)
  2 centaur zombies
  2 gargoyles (D:11)
  Psyche (D:9)
  A troll (D:11)
  A hornet (D:12)
  Prince Ribbit (D:5)
  4 slime creatures (D:12)
  Grinder (D:3)
  9 yaks
  A wyvern (D:8)
  Edmund (D:4)
  A water moccasin (D:12)
  11 orc warriors
  A swamp drake (D:11)
  5 sky beasts
  2 ogres (D:6)
  2 black bears
  2 phantoms
  An eye of draining (D:11)
  4 ice beasts
  A wolf (D:9)
  4 centaurs
  2 lemures (D:5)
  2 big kobolds
  7 bullfrogs
  A wyvern zombie (D:12)
  2 water moccasin skeletons
  A scorpion (D:9)
  12 killer bees (D:9)
  8 wights
  2 howler monkeys (D:10)
  13 orc priests
  2 quasits
  A bullfrog zombie (D:8)
  5 jellies
  A bullfrog skeleton (D:12)
  7 hounds
  22 orc wizards
  A gnoll shaman (D:7)
  5 iguanas
  Terence (D:3)
  11 worker ants
  A hound skeleton (D:7)
  8 mummies (Ossuary)
  A worker ant zombie (D:11)
  18 gnolls
  12 adders
  2 shadow imps
  9 white imps
  2 ufetubi (D:9)
  3 adder zombies
  4 worms
  2 dart slugs
  3 leopard geckos
  71 orcs
  A ball python (D:4)
  12 bats
  2 giant cockroaches
  A gnoll zombie (Ossuary)
  9 goblins
  3 hobgoblins
  8 jackals
  6 quokkas
  2 frilled lizards
  2 jackal skeletons
  13 kobolds
  6 kobold zombies (Ossuary)
  A leopard gecko zombie (D:7)
  An orc zombie (Ossuary)
  7 rats
385 creatures vanquished.

Vanquished Creatures (collateral kills)
  Gastronok (D:9)
  An ugly thing (D:11)
  Grum (D:9)
  An orc warrior (Orc:1)
  3 wolves (D:9)
  An orc priest (Orc:1)
8 creatures vanquished.

Vanquished Creatures (others)
  A kobold (D:12)
1 creature vanquished.

Grand Total: 394 creatures vanquished

Notes
Turn   | Place    | Note
-------+----------+-------------------------------------------
     0 | D:1      | Notrik the Demonspawn Berserker began the quest for the
                  | Orb.
     0 | D:1      | Reached XP level 1. HP: 18/18 MP: 1/1
   550 | D:1      | Gained mutation: You are surrounded by a mild repulsion
                  | field. (EV +2) [demonic ancestry]
   550 | D:1      | Reached XP level 2. HP: 24/24 MP: 2/2
   575 | D:1      | Reached skill level 4 in Fighting
   810 | D:1      | Gained mutation: You are surrounded by a moderate repulsion
                  | field. (EV +3) [demonic ancestry]
   810 | D:1      | Reached XP level 3. HP: 30/30 MP: 3/3
  1224 | D:2      | Reached ** piety under Trog
  1793 | D:2      | Reached XP level 4. HP: 38/38 MP: 4/4
  1831 | D:2      | Reached skill level 5 in Fighting
  2402 | D:2      | Noticed an ice beast
  2420 | D:2      | HP: 1/58 [ice beast (7)]
  2421 | D:2      | Killed an ice beast
  2421 | D:2      | Reached skill level 6 in Fighting
  2421 | D:2      | Gained mutation: You have sharp toenails. [demonic
                  | ancestry]
  2421 | D:2      | Reached XP level 5. HP: 2/46 MP: 5/5
  3245 | D:3      | Reached XP level 6. HP: 53/53 MP: 6/6
  3534 | D:3      | Noticed Terence
  3541 | D:3      | Killed Terence
  3541 | D:3      | Reached skill level 7 in Fighting
  3825 | D:3      | Noticed Grinder
  3829 | D:3      | Paralysed by Grinder for 7 turns
  3844 | D:3      | Paralysed by Grinder for 7 turns
  3859 | D:3      | Killed Grinder
  3859 | D:3      | Reached skill level 1 in Shields
  3859 | D:3      | Reached XP level 7. HP: 26/60 MP: 7/7
  4464 | D:4      | Reached *** piety under Trog
  4773 | D:4      | Found a blossoming altar of Fedhas.
  4833 | D:4      | Noticed Edmund
  4846 | D:4      | Reached skill level 8 in Fighting
  4868 | D:4      | Killed Edmund
  5371 | D:5      | Entered Level 5 of the Dungeon
  5677 | D:5      | Reached XP level 8. HP: 54/69 MP: 8/8
  5756 | D:5      | Noticed Pikel
  5771 | D:5      | Killed Pikel
  5771 | D:5      | Reached skill level 9 in Fighting
  6090 | D:5      | Noticed Prince Ribbit
  6120 | D:5      | Killed Prince Ribbit
  6440 | D:5      | Reached XP level 9. HP: 77/77 MP: 9/9
  7157 | D:6      | Reached **** piety under Trog
  7333 | D:6      | Reached skill level 10 in Fighting
  7566 | D:6      | Found a staircase to the Ecumenical Temple.
  7575 | D:6      | Reached skill level 5 in Armour
  8419 | D:7      | Found a sand-covered staircase.
  8424 | Ossuary  | Entered an ossuary
  8738 | D:7      | Reached skill level 5 in Shields
  8998 | D:7      | Reached ***** piety under Trog
  9658 | D:7      | Gained mutation: You regenerate a little health from kills.
                  | [demonic ancestry]
  9658 | D:7      | Reached XP level 10. HP: 69/86 MP: 10/10
 10035 | D:8      | Reached skill level 11 in Fighting
 10246 | D:8      | Found a white marble altar of Elyvilon.
 10480 | D:8      | Found an ancient bone altar of Kikubaaqudgha.
 10762 | D:9      | Reached skill level 5 in Long Blades
 10994 | D:9      | Received a gift from Trog
 11304 | D:9      | Noticed Grum
 11318 | D:9      | Found a staircase to the Lair.
 11329 | D:9      | Killed Grum
 11653 | D:9      | Noticed a two-headed ogre
 11659 | D:9      | Killed a two-headed ogre
 11872 | D:9      | Found an iron altar of Okawaru.
 11973 | D:9      | Noticed Gastronok
 11982 | D:9      | Killed Gastronok
 11982 | D:9      | Reached skill level 12 in Fighting
 11982 | D:9      | Gained mutation: You are partially covered in sharp spines.
                  | [demonic ancestry]
 11982 | D:9      | Reached XP level 11. HP: 95/95 MP: 11/11
 12088 | D:9      | Noticed Psyche
 12092 | D:9      | Killed Psyche
 12294 | D:10     | Entered Level 10 of the Dungeon
 12962 | D:10     | Received a gift from Trog
 13840 | D:11     | Noticed a red ugly thing
 13849 | D:11     | Killed a red ugly thing
 14133 | D:11     | Noticed an orange crystal statue
 14134 | D:11     | Noticed a red ugly thing
 14174 | D:11     | Noticed a brown ugly thing
 14185 | D:11     | Killed a brown ugly thing
 14740 | D:11     | Killed an unseen horror
 14967 | D:11     | Reached skill level 13 in Fighting
 15001 | D:11     | Found a staircase to the Orcish Mines.
 15287 | D:11     | Noticed a tengu warrior
 15287 | D:11     | Noticed a tengu warrior
 15367 | D:11     | HP: 1/98 [orc/+0 short sword of distortion[an orange
                  | crystal statue] (21)]
 15627 | D:11     | Killed an orange crystal statue
 16079 | D:12     | Got a bone flail
 16215 | D:12     | Noticed a boulder beetle
 16237 | D:12     | Killed a boulder beetle
 16515 | D:12     | Reached XP level 12. HP: 93/105 MP: 12/12
 17158 | D:12     | Noticed a two-headed ogre
 17158 | D:12     | Noticed a centaur warrior
 17165 | D:12     | Killed a centaur warrior
 17173 | D:12     | Killed a two-headed ogre
 17214 | D:12     | Noticed a boulder beetle
 17227 | D:12     | Killed a boulder beetle
 17924 | Orc:1    | Entered Level 1 of the Orcish Mines
 17925 | Orc:1    | Identified the +6 flail "Goblinslayer" {venom, +Rage} (You
                  | found it on level 12 of the Dungeon)
 17948 | Orc:1    | Found a roughly hewn altar of Beogh.
 17958 | Orc:1    | Found a flagged portal.
 17958 | Orc:1    | Noticed Erica
 17958 | Orc:1    | Noticed an orc warlord
 17984 | Orc:1    | Demolished by an orc warlord

Illustrated notes

Levels and vault maps discovered:
D:1:      co_arrival_random_square_maze, layout_basic
D:2:      layout_loops_corners, minivault_19, minmay_indecisive_spiral
D:3:      layout_basic, roderic_lattice_a, uniq_terence, uniq_grinder
D:4:      layout_rooms, hangedman_glass_teeth, fedhas_altar_3, uniq_edmund
D:5:      layout_basic, uniq_pikel, uniq_prince_ribbit1
D:6:      layout_basic, temple_fountains
D:7:      layout_basic, enter_ossuary_2
D:8:      layout_basic, kennysheep_little_box, marbit_many_paths
D:9:      layout_basic, dpeg_oklobed_lair, okawaru_altar_gauntlet_db, uniq_grum,
          uniq_psyche, uniq_gastronok
D:10:     layout_stronghold, serial_column_ruins, column_ruins_hut_water,
          column_ruins_hut_ruined, column_ruins_grid_3, column_ruins_grid_1,
          column_ruins_columns_straight, column_ruins_corridor_dead_end,
          column_ruins_grid_1, column_ruins_grid_3, grunt_decor_arrowhead,
          wad_dig_loot
D:11:     layout_irregular_city, erik_orc_1, serial_park_tiny_1,
          minmay_statue_bubble
D:12:     layout_roguey
Orc:1:    layout_diamond_mine, basic_altar, enter_bailey_1, uniq_erica

Skill      XL: |  1  2  3  4  5  6  7  8  9 10 11 12 |
---------------+-------------------------------------+-----
Fighting       | 4 6 7 8 9 10 12 13 | 13.8
Armour         | 2 3 4 5 6 8 |  8.4
Shields        | 1 2 4 5 6 7 8 |  8.2
Long Blades    | 2 4 5 7 |  7.6
Short Blades   | |  2.6
Dodging        | |  1.7

Action                   |  1- 3 |  4- 6 |  7- 9 | 10-12 || total
-------------------------+-------+-------+-------+-------++-------
Melee: Short sword       |   133 |   140 |       |       ||   273
       Kick              |       |    34 |   183 |    92 ||   309
       Dagger            |       |    35 |   112 |       ||   147
       Falchion          |       |       |   332 |   281 ||   613
       Long sword        |       |       |       |   331 ||   331
Invok: Berserk           |       |     3 |     4 |    11 ||    18
       Trog's Hand       |       |     1 |     1 |     3 ||     5
       Brothers in Arms  |       |       |       |     8 ||     8
  Use: Scroll            |       |       |     7 |    20 ||    27
       Potion            |       |       |       |     3 ||     3
Armor: Animal skin       |     4 |       |       |       ||     4
       Plate armour      |    75 |   133 |   217 |   315 ||   740
Dodge: Dodged            |    65 |    80 |   199 |   294 ||   638
Block: Buckler           |       |    11 |    86 |    56 ||   153
       Kite shield       |       |       |       |   322 ||   322
       Rpst.: Falchion   |       |       |    44 |    44 ||    88
       Long sword        |       |       |       |    25 ||    25

Table legend: (Time is in decaauts)
 A = Elapsed time spent in this place.
 B = Non-inter-level travel time spent in this place.
 C = Inter-level travel time spent in this place.
 D = Time resting spent in this place.
 E = Time spent auto-exploring this place.
 F = Levels seen in this place.
 G = Mean time per level.
                   A        B        C        D        E       F      G
               +--------+--------+--------+--------+--------+-----+--------+
         Total |  18176 |  17706 |    470 |   3964 |  10908 |  14 | 1298.3 |
       Dungeon |  17846 |  17376 |    470 |   3964 |  10748 |  12 | 1487.2 |
  Orcish Mines |     60 |     60 |      0 |      0 |      0 |   1 |   60.0 |
       Ossuary |    269 |    269 |      0 |      0 |    160 |   1 |  269.0 |
               +--------+--------+--------+--------+--------+-----+--------+

Top non-repeatable levels by time:
    D:11: 2319 daAuts
    D:12: 2056 daAuts
     D:2: 1837 daAuts
     D:3: 1558 daAuts
     D:9: 1548 daAuts
     D:5: 1533 daAuts
     D:6: 1526 daAuts
    D:10: 1346 daAuts
     D:7: 1282 daAuts
     D:1: 1053 daAuts
     D:4: 922 daAuts
     D:8: 861 daAuts
 Ossuary: 269 daAuts
   Orc:1: 60 daAuts
